 Dungeon Crawl Stone Soup version 0.19.3-4-gbf9329e (webtiles) character file.

29346 Mefis the Thaumaturge (level 13, -3/63 HPs)
             Began as a Deep Elf Wizard on Jan 27, 2017.
             Was an Elder of Sif Muna.
             Killed from afar by a rime drake (25 damage)
             ... with a flash freeze
             ... on level 5 of the Lair of Beasts.
             The game lasted 01:13:47 (23789 turns).

Mefis the Thaumaturge (Deep Elf Wizard)            Turns: 23789, Time: 01:13:48

Health: -3/63      AC:  6    Str:  4    XL:     13   Next: 14%
Magic:  32/32      EV: 17    Int: 29    God:    Sif Muna [****..]
Gold:   933        SH:  0    Dex: 13    Spells: 13 memorised, 0 levels left

rFire  . . .     SeeInvis .     a - +2 short sword (drain)
rCold  . . .     Gourm    .     n - +0 robe {MR+}
rNeg   . . .     Faith    .     (no shield)
rPois  +         Spirit   .     u - +2 helmet "Serul" {rCorr}
rElec  .         Reflect  .     (no cloak)
rCorr  +         Harm     .     t - +0 pair of gloves
MR     +++..                    (no boots)
Stlth  +++.......               N - amulet of magic regeneration
                                C - ring of protection from magic
                                p - ring of poison resistance

@: repel missiles, divine energy
A: no striking features
a: Stop Divine Energy, Channel Magic, Forget Spell, Renounce Religion


You were on level 5 of the Lair of Beasts.
You worshipped Sif Muna.
Sif Muna was greatly pleased with you.
You were not hungry.

You visited 3 branches of the dungeon, and saw 16 of its levels.
You also visited: Sewer.

You collected 933 gold pieces.

Inventory:

Hand Weapons
 a - a +2 short sword of draining (weapon)
 b - a +0 blowgun
 f - a +2 dagger of venom
Missiles
 v - 4 throwing nets (quivered)
 K - 54 poisoned needles
 P - 5 silver javelins
 W - a curare-tipped needle
Armour
 n - a +0 robe of magic resistance (worn)
 t - a +0 pair of gloves (worn)
 u - the +2 helmet "Serul" (worn) {rCorr}
   (You found it on level 4 of the Dungeon)

   It protects you from acid and corrosion.
Jewellery
 g - an uncursed ring of fire
 p - a ring of poison resistance (left hand)
 C - a ring of protection from magic (right hand)
 N - an amulet of magic regeneration (around neck)
 R - an uncursed ring of stealth
Wands
 s - a wand of polymorph (3/24)
 y - a wand of acid (7/15)
 M - a wand of hasting (4/9)
 Q - a wand of paralysis (7/24)
 T - a wand of random effects (3/48)
 Y - a wand of heal wounds (0/9)
Scrolls
 e - 8 scrolls of remove curse
 h - 9 scrolls of teleportation
 k - 5 scrolls of recharging
 l - 2 scrolls of enchant armour {unknown}
 o - a scroll of immolation {unknown}
 q - 2 scrolls of amnesia
 r - 2 scrolls of blinking
 x - 2 scrolls of fear {unknown}
 E - 2 scrolls of enchant weapon
 F - 4 scrolls of noise
 J - a scroll of fog {unknown}
Potions
 i - 7 potions of lignification
 m - a potion of mutation {unknown}
 A - a potion of brilliance {unknown}
 B - a potion of heal wounds {unknown}
 L - a potion of magic {unknown}
 O - a potion of curing {unknown}
Books
 c - a book of Minor Magic

   Spells                             Type                      Level
   a - Magic Dart                     Conjuration                  1
   b - Blink                          Translocation                2
   c - Call Imp                       Summoning                    2
   d - Repel Missiles                 Charms/Air                   2
   e - Slow                           Hexes                        2
   f - Conjure Flame                  Conjuration/Fire             3
   g - Mephitic Cloud                 Conjuration/Poison/Air       3
 w - Sif Muna's Almanac of Beguiling and Conjuration
   (Sif Muna gifted it to you on level 2 of the Lair of Beasts)

   Spells                             Type                      Level
   a - Mephitic Cloud                 Conjuration/Poison/Air       3
   b - Lightning Bolt                 Conjuration/Air              5
   c - Irradiate                      Conjuration/Transmutation    5
   d - Metabolic Englaciation         Hexes/Ice                    5
   e - Yara's Violent Unravelling     Hexes/Transmutation          5
   f - Poisonous Cloud                Conjuration/Poison/Air       6
 z - a book of Transfigurations

   Spells                             Type                      Level
   a - Irradiate                      Conjuration/Transmutation    5
   b - Statue Form                    Transmutation/Earth          6
   c - Hydra Form                     Transmutation                6
   d - Dragon Form                    Transmutation                7
 G - a book of Misfortune

   Spells                             Type                      Level
   a - Confusing Touch                Hexes                        1
   b - Confuse                        Hexes                        3
   c - Gell's Gravitas                Hexes/Translocation          3
   d - Petrify                        Transmutation/Earth          4
   e - Metabolic Englaciation         Hexes/Ice                    5
   f - Yara's Violent Unravelling     Hexes/Transmutation          5
 H - a book of Changes

   Spells                             Type                      Level
   a - Beastly Appendage              Transmutation                1
   b - Sticks to Snakes               Transmutation                2
   c - Spider Form                    Transmutation/Poison         3
   d - Ice Form                       Ice/Transmutation            4
   e - Blade Hands                    Transmutation                5
 Z - a book of Air

   Spells                             Type                      Level
   a - Shock                          Conjuration/Air              1
   b - Swiftness                      Charms/Air                   2
   c - Repel Missiles                 Charms/Air                   2
   d - Static Discharge               Conjuration/Air              3
   e - Lightning Bolt                 Conjuration/Air              5
Comestibles
 d - 7 bread rations
 j - 3 beef jerkies
 D - 2 fruits
 I - a meat ration
 U - 9 royal jellies
 V - 2 chunks of flesh


   Skills:
 + Level 8.8 Dodging
 - Level 6.0 Stealth
 * Level 13.8 Spellcasting
 + Level 7.4 Conjurations
 + Level 8.3 Hexes
 - Level 6.2 Charms
 - Level 4.9 Summonings
 - Level 1.1 Translocations
 + Level 6.0 Transmutations
 - Level 8.7 Ice Magic
 * Level 7.2 Air Magic
 * Level 0.2 Earth Magic
 - Level 1.5 Poison Magic
 + Level 5.8 Invocations
 + Level 5.9 Evocations


You couldn't memorise any spells.
You knew the following spells:

 Your Spells              Type           Power        Failure   Level  Hunger
a - Magic Dart            Conj           ####         1%          1    None
b - Call Imp              Summ           #####...     1%          2    None
c - Blink                 Tloc           N/A          2%          2    None
d - Repel Missiles        Chrm/Air       ######       1%          2    None
e - Mephitic Cloud        Conj/Pois/Air  ######..     1%          3    None
f - Conjure Flame         Conj/Fire      #####...     1%          3    None
g - Slow                  Hex            ######..     1%          2    None
h - Swiftness             Chrm/Air       ######..     1%          2    None
i - Petrify               Tmut/Erth      #####...     10%         4    None
q - Irradiate             Conj/Tmut      ######....   6%          5    None
s - Lightning Bolt        Conj/Air       ######....   4%          5    None
w - Metabolic Englaciati  Hex/Ice        ######....   1%          5    None
A - Static Discharge      Conj/Air       ######..     1%          3    None


Dungeon Overview and Level Annotations

Branches:
Dungeon (10/15)            Temple (1/1) D:6            Lair (5/6) D:9
  Swamp (0/4) Lair:4        Snake (0/4) Lair:4
  Slime: Lair:5-6       Orc: D:9-12

Altars:
Ashenzari
Cheibriados
Dithmenos
Elyvilon
Fedhas
Gozag
Hepliaklqana
Kikubaaqudgha
Makhleb
Nemelex Xobeh
Okawaru
Qazlal
Ru
Sif Muna
Trog
Uskayaw
Vehumet
Xom
Yredelemnul
Zin
The Shining One

Annotations:
D:10 cribozai's ghost, novice DECj
Lair:1 exclusion: oklob plant


Message History

* * * LOW HITPOINT WARNING * * *
You are encased in ice.
Evoke which item? (* to show all) (? for menu, Esc to quit)
Zapping:
Q - a wand of paralysis (will waste charges)
Press: ? - help, Shift-Dir - straight line, f/p - rime drake
Aim: a rime drake (lightly wounded, catching its breath, chance to defeat MR: 58%)
The rime drake suddenly stops moving!
Evoking this partially-identified wand wasted a few charges.
The ice encasing you melts away.
You start resting.
Magic restored.
You start resting.
Eating one of 3 chunks of flesh.
You start eating one of the 3 chunks of flesh.
You are feeling hungry.
This raw flesh tastes terrible.
You start resting.
The rime drake breathes ice at you. The flash freeze hits you!
You die...

#......#.#.........##
##.............PP...##
.............##.P....#
...........P.#.##....##
#.............##........
...#.##......P.#........
....####......PP......###
#...........#.##
#@..........###
##..........#.## .
##............#.# ...
##..k...........##
....#.....##........##
#P..P........##......#
#..............#.....#
...................#.#
..................#.##


You could see a rime drake.

Vanquished Creatures
  2 entropy weavers (Lair:4)
  Erolcha (D:9)
  Harold (Lair:1)
  2 hydras
  A queen ant (Lair:4)
  Urug (Lair:5)
  The ghost of Tramtrist the Covert, a novice SpAs of Trog (D:9)
  Pikel (D:5)
  6 spiny frogs
  2 rime drakes
  5 komodo dragons
  A queen bee (D:8)
  2 tyrant leeches
  A hornet (D:9)
  13 blink frogs
  6 hippogriffs
  2 wyverns
  A basilisk (Lair:3)
  17 yaks
  5 hungry ghosts
  A naga (Lair:4)
  17 soldier ants (Lair:4)
  2 swamp worms (Lair:4)
  9 water moccasins
  11 porcupines
  Purgy (Sewer)
  2 orc warriors
  3 sky beasts
  A black bear (D:8)
  5 ogres
  5 ice beasts
  2 phantoms (D:8)
  3 centaurs
  4 wolves
  10 crocodiles
  A big kobold (D:8)
  11 bullfrogs
  28 killer bees
  4 howler monkeys
  2 centaur zombies
  4 crimson imps
  4 hounds
  2 bullfrog zombies
  3 jellies (D:9)
  10 orc priests
  2 centaur skeletons
  3 gnoll shamans (D:6)
  9 orc wizards
  Ijyb (D:1)
  An iguana (D:9)
  13 worker ants
  A mummy (D:6)
  A worker ant zombie (D:8)
  A howler monkey zombie (D:8)
  2 howler monkey skeletons
  11 adders
  43 gnolls
  3 river rats (D:9)
  2 shadow imps (D:8)
  2 oozes (D:3)
  An adder skeleton (D:8)
  An adder zombie (D:7)
  3 worms
  2 dart slugs (D:2)
  6 leopard geckos
  21 orcs
  6 giant cockroaches
  4 goblins
  10 hobgoblins
  21 jackals
  18 kobolds
  5 quokkas
  2 ball pythons
  21 bats
  7 frilled lizards
  3 kobold zombies (D:6)
  A leopard gecko skeleton (D:4)
  An orc zombie (D:6)
  A quokka skeleton (D:4)
  19 rats
  3 fungi
  A plant (Lair:2)
468 creatures vanquished.

Vanquished Creatures (collateral kills)
  A water moccasin (Lair:1)
  A killer bee (D:8)
2 creatures vanquished.

Vanquished Creatures (others)
  2 slaves (D:5)
  A killer bee (D:8)
  An orc priest (D:5)
  A bullfrog skeleton (D:5)
  4 orcs (D:5)
  17 fungi
  7 plants
33 creatures vanquished.

Grand Total: 503 creatures vanquished

Notes
Turn   | Place    | Note
-------+----------+-------------------------------------------
     0 | D:1      | Mefis the Deep Elf Wizard began the quest for the Orb.
     0 | D:1      | Reached XP level 1. HP: 10/10 MP: 7/7
    66 | D:1      | Found an iron altar of Okawaru.
   308 | D:1      | Reached XP level 2. HP: 15/15 MP: 7/9
   312 | D:1      | Learned a level 2 spell: Call Imp
   315 | D:1      | Learned a level 2 spell: Blink
   318 | D:1      | Learned a level 2 spell: Repel Missiles
   691 | D:1      | Reached skill level 5 in Spellcasting
   993 | D:2      | Reached XP level 3. HP: 17/19 MP: 1/11
  1084 | D:2      | Learned a level 3 spell: Mephitic Cloud
  1217 | D:2      | Noticed Ijyb
  1263 | D:1      | Killed Ijyb
  1263 | D:1      | Reached XP level 4. HP: 6/24 MP: 1/13
  2270 | D:3      | Reached XP level 5. HP: 28/28 MP: 13/15
  2275 | D:3      | Learned a level 3 spell: Conjure Flame
  2278 | D:3      | Learned a level 2 spell: Slow
  3273 | D:3      | Reached skill level 6 in Spellcasting
  3383 | D:4      | Got a crude helmet
  3394 | D:4      | Identified the +2 helmet "Serul" {rCorr} (You found it on level 4 of the Dungeon)
  3559 | D:4      | Reached skill level 1 in Air Magic
  3809 | D:4      | Reached XP level 6. HP: 32/32 MP: 14/17
  3817 | D:4      | Reached skill level 1 in Hexes
  3970 | D:4      | Reached skill level 1 in Poison Magic
  4010 | D:4      | Found a glowing drain.
  4019 | Sewer    | Entered a sewer
  4097 | Sewer    | Noticed Purgy
  4104 | Sewer    | Killed Purgy
  4308 | D:4      | Reached skill level 7 in Spellcasting
  4487 | D:5      | Entered Level 5 of the Dungeon
  4510 | D:5      | Noticed a slave
  4510 | D:5      | Noticed a slave
  4555 | D:5      | HP: 1/32 [orc/flail (4)]
  4701 | D:5      | Reached XP level 7. HP: 36/36 MP: 16/19
  4709 | D:5      | Learned a level 4 spell: Ice Form
  4966 | D:5      | Noticed Pikel
  5006 | D:5      | Killed Pikel
  5006 | D:5      | Reached skill level 5 in Stealth
  5307 | D:5      | Reached XP level 8. HP: 41/41 MP: 8/21
  5953 | D:5      | Reached skill level 8 in Spellcasting
  6855 | D:6      | Reached skill level 1 in Transmutations
  7022 | D:6      | Reached skill level 5 in Dodging
  7360 | D:6      | Reached skill level 9 in Spellcasting
  7477 | D:6      | Found a staircase to the Ecumenical Temple.
  7561 | Temple   | Entered the Ecumenical Temple
  7665 | Temple   | Became a worshipper of Sif Muna the Loreminder
  8089 | D:7      | Noticed a hippogriff
  8101 | D:7      | Killed a hippogriff
  8101 | D:7      | Reached XP level 9. HP: 31/45 MP: 10/24
  8241 | D:7      | Reached skill level 1 in Charms
  8522 | D:7      | Reached skill level 1 in Invocations
  8787 | D:7      | Reached skill level 5 in Conjurations
  9202 | D:8      | Reached skill level 1 in Evocations
  9260 | D:8      | Reached * piety under Sif Muna
  9360 | D:8      | Reached skill level 5 in Hexes
  9404 | D:8      | Reached skill level 5 in Ice Magic
  9516 | D:8      | Reached skill level 10 in Spellcasting
 10181 | D:8      | Noticed a troll
 10235 | D:8      | Reached ** piety under Sif Muna
 10235 | D:8      | Reached XP level 10. HP: 50/50 MP: 17/26
 11785 | D:9      | Noticed Tramtrist's ghost (novice SpAs)
 11812 | D:9      | Killed Tramtrist's ghost
 11936 | D:9      | Reached skill level 11 in Spellcasting
 13162 | D:9      | Reached *** piety under Sif Muna
 13432 | D:9      | Reached XP level 11. HP: 54/54 MP: 10/28
 13574 | D:9      | Noticed Erolcha
 13586 | D:9      | Killed Erolcha
 13586 | D:9      | Reached skill level 5 in Charms
 13765 | D:9      | Found a staircase to the Lair.
 14349 | D:10     | Entered Level 10 of the Dungeon
 14426 | D:10     | Reached **** piety under Sif Muna
 14792 | Lair:1   | Entered Level 1 of the Lair of Beasts
 15022 | D:10     | Noticed cribozai's ghost (novice DECj)
 15379 | Lair:1   | Reached skill level 5 in Air Magic
 15476 | Lair:1   | Noticed an eight-headed hydra
 15517 | Lair:1   | Killed an eight-headed hydra
 15814 | Lair:1   | Noticed an oklob plant
 15891 | Lair:1   | Noticed Harold
 16345 | Lair:1   | Killed Harold
 16345 | Lair:1   | Reached skill level 12 in Spellcasting
 17813 | Lair:2   | Reached ***** piety under Sif Muna
 17943 | Lair:2   | Identified Sif Muna's Almanac of Beguiling and Conjuration (Sif Muna gifted it to you on level 2 of the Lair of Beasts)
 17943 | Lair:2   | Received a gift from Sif Muna
 17951 | Lair:2   | Learned a level 5 spell: Lightning Bolt
 17957 | Lair:2   | Learned a level 5 spell: Irradiate
 17963 | Lair:2   | Learned a level 5 spell: Metabolic Englaciation
 18199 | Lair:2   | Reached XP level 12. HP: 51/59 MP: 9/30
 18606 | Lair:2   | Reached skill level 5 in Transmutations
 18915 | Lair:3   | HP: 4/88 [poisoned by a water moccasin]
 20920 | Lair:2   | Noticed a four-headed hydra
 20928 | Lair:2   | Killed a four-headed hydra
 20928 | Lair:2   | Reached skill level 13 in Spellcasting
 20928 | Lair:2   | Reached skill level 5 in Invocations
 21015 | Lair:3   | Reached skill level 5 in Evocations
 21341 | Lair:4   | Noticed an entropy weaver
 21386 | Lair:4   | Noticed an entropy weaver
 21395 | Lair:4   | Killed an entropy weaver
 21557 | Lair:4   | Killed an entropy weaver
 21937 | Lair:4   | Found a staircase to the Snake Pit.
 22235 | Lair:4   | Found a staircase to the Swamp.
 22603 | Lair:4   | Noticed a queen ant
 22640 | Lair:4   | Killed a queen ant
 22756 | Lair:4   | Reached XP level 13. HP: 63/63 MP: 17/32
 23039 | Lair:5   | Noticed Urug
 23047 | Lair:5   | Killed Urug
 23586 | Lair:5   | Learned a level 2 spell: Swiftness
 23592 | Lair:5   | Learned a level 4 spell: Petrify
 23596 | Lair:5   | Learned a level 3 spell: Static Discharge
 23789 | Lair:5   | Killed from afar by a rime drake

Skill      XL: |  1  2  3  4  5  6  7  8  9 10 11 12 13 |
---------------+----------------------------------------+-----
Spellcasting   | 5 6 7 9 10 11 12 13 | 13.8
Stealth        | 3 4 5 6 |  6.0
Conjurations   | 2 3 4 5 6 7 |  7.4
Dodging        | 3 4 5 6 7 8 |  8.8
Air Magic      | 1 2 3 4 5 6 7 |  7.2
Hexes          | 2 3 4 5 6 8 |  8.3
Poison Magic   | 1 |  1.5
Ice Magic      | 2 4 5 6 8 |  8.7
Transmutations | 1 2 3 4 5 6 |  6.0
Charms         | 3 4 6 |  6.2
Invocations    | 1 3 4 5 |  5.8
Summonings     | 2 3 4 |  4.9
Evocations     | 1 3 4 5 |  5.9
Translocations | |  1.1
Earth Magic    | |  0.2

Action                   |  1- 3 |  4- 6 |  7- 9 | 10-12 | 13-15 || total
-------------------------+-------+-------+-------+-------+-------++-------
Melee: Spear             |     1 |       |       |       |       ||     1
       Short sword       |    20 |     7 |    20 |    68 |    24 ||   139
 Fire: Blowgun           |       |       |    46 |   140 |       ||   186
Throw: Throwing net      |       |       |       |     3 |       ||     3
 Cast: Magic Dart        |    77 |   216 |   474 |   665 |     2 ||  1434
       Repel Missiles    |     2 |       |       |     3 |       ||     5
       Mephitic Cloud    |     1 |     5 |    33 |    75 |       ||   114
       Conjure Flame     |       |     3 |    18 |    30 |       ||    51
       Blink             |       |     1 |     5 |    32 |       ||    38
       Call Imp          |       |       |       |     8 |       ||     8
       Lightning Bolt    |       |       |       |   142 |    39 ||   181
       Slow              |       |       |       |     5 |       ||     5
       Ice Form          |       |       |       |     2 |     1 ||     3
       Metabolic Englaci |       |       |       |     7 |     2 ||     9
Invok: Divine Energy     |       |       |       |     2 |       ||     2
       Stop Divine Energ |       |       |       |     1 |       ||     1
       Forget Spell      |       |       |       |       |     1 ||     1
Evoke: Wand              |       |       |       |    27 |     1 ||    28
       Box of beasts     |       |       |       |     1 |       ||     1
  Use: Scroll            |       |     5 |     3 |     5 |       ||    13
       Potion            |       |       |       |     1 |       ||     1
 Stab: Confused          |     1 |       |       |     2 |       ||     3
       Sleeping          |       |       |     1 |     2 |       ||     3
  Eat: Chunk             |     1 |    10 |     7 |    27 |     4 ||    49
       Meat ration       |       |       |     2 |     3 |       ||     5
Armor: Robe              |     2 |     2 |    20 |    58 |     7 ||    89
       Skin              |       |       |       |     2 |       ||     2
Dodge: Dodged            |    19 |    36 |   100 |   217 |    29 ||   401
       Deflected         |     1 |     1 |     4 |     3 |     4 ||    13
